 Dungeon Crawl Stone Soup version 0.27.1-1-g398f81649c (webtiles) character file.

Game seed: 8200150436672829851

44 Ekaitz the Digger (level 3, -4/25 HPs)
             Began as a Vampire Earth Elementalist on Sept 8, 2021.
             Killed by divine providence
             ... invoked by an orc priest
              (11 damage)
             ... on level 3 of the Dungeon.
             The game lasted 00:06:01 (2177 turns).

Ekaitz the Digger (Vampire Earth Elementalist)      Turns: 2177, Time: 00:06:01

Health: -4/25      AC:  7    Str:  2 (5)  XL:     3   Next: 41%
Magic:  6/14       EV: 12    Int: 15 (17) God:
Gold:   160        SH:  0    Dex: 12 (15) Spells: 0/6 levels left

rFire    . . .     SeeInvis +   e - +3 dagger
rCold    . . .     Faith    .   (no shield)
rNeg     . . .     Spirit   .   b - +0 robe
rPois    .         Reflect  .   (no helmet)
rElec    .         Harm     .   h - +0 cloak
rCorr    .         Rampage  .   (no gloves)
Will     .....     Rnd*Rage +   (no boots)
Stlth    ++........             (no amulet)
HPRegen  0.28/turn              f - +4 ring of protection
MPRegen  0.14/turn              m - ring of magical power

@: very slightly contaminated, healing quickly
A: alive, fangs 3, see invisible, vampiric 2, berserk 1, deterioration 1, low mp
1, weak 1
a: Exsanguinate


You were on level 3 of the Dungeon.
You visited 1 branch of the dungeon, and saw 3 of its levels.

You collected 160 gold pieces.

Inventory:

Hand Weapons
 e - a +3 dagger (weapon)
 o - a +0 vorpal hunting sling
Missiles
 c - 123 stones
 j - 24 sling bullets
Armour
 b - a +0 robe (worn)
 h - a +0 cloak (worn)
Jewellery
 d - a +6 ring of dexterity
 f - a +4 ring of protection (left hand)
 m - a ring of magical power (right hand)
Scrolls
 a - 3 scrolls of teleportation {unknown}
 g - a scroll of immolation {unknown}
 k - a scroll of noise {unknown}
 n - 2 scrolls of blinking {unknown}
 p - 3 scrolls of identify {unknown}
 q - 3 scrolls of amnesia {unknown}
 r - a scroll of enchant armour {unknown}
 s - 2 scrolls of vulnerability {unknown}
 t - a scroll of enchant weapon {unknown}
Potions
 i - 2 potions of flight {unknown}
 l - a potion of berserk rage {unknown}
 u - a potion of haste {unknown}


   Skills:
 * Level 0.7 Fighting
 * Level 2.4 Dodging
 + Level 3.3 Stealth
 + Level 2.2 Spellcasting
 + Level 1.2 Transmutations
 * Level 3.9 Earth Magic


You couldn't memorise any spells.
You knew the following spells:

 Your Spells              Type           Power      Damage    Failure   Level
a - Sandblast             Erth           26%        2d8       4%          1
b - Passwall              Tmut/Erth      7%         N/A       12%         2
c - Stone Arrow           Conj/Erth      14%        3d7       28%         3

Your spell library contained the following spells:

 Spells                   Type           Power      Damage    Failure   Level
 Petrify                  Tmut/Erth      9%         N/A       58%         4


Dungeon Overview and Level Annotations

Branches:
Dungeon (3/15)

Altars:
Fedhas
Jiyva


Innate Abilities, Weirdness & Mutations

Your natural rate of healing is accelerated.
You have razor-sharp teeth.
You have supernaturally acute eyesight. (SInv)
You are afflicted with vampirism and can become a bat while bloodless.
You tend to lose your temper in combat.
Your body sometimes deteriorates upon taking damage.
Your magical capacity is low. (-10% MP)
You are weak. (Str -2)


Message History

The orc priest shouts!
Casting: Stone Arrow (extremely dangerous; 26% risk of failure)
Confirm with . or Enter, or press ? or * to list all spells.
Aiming: Sandblast (safe; 4% risk of failure)
Press: ? - help, Shift-Dir - straight line, f/p - orc priest
Aim: an orc priest, wielding a +0 club and wearing a +0 ring mail (82% to hit)
The blast of sand hits the orc priest.
The orc priest is lightly wounded.
The orc hits you from afar with a +0 trident.
Unknown command.
Casting: Sandblast (safe; 4% risk of failure)
Confirm with . or Enter, or press ? or * to list all spells.
Aiming: Sandblast (safe; 4% risk of failure)
Press: ? - help, Shift-Dir - straight line, f/p - orc priest
Aim: an orc priest, wielding a +0 club and wearing a +0 ring mail (lightly wounded, 82% to hit)
The blast of sand hits the orc priest but does no damage.
The orc priest is lightly wounded.
The orc completely misses you.
Casting: Sandblast (safe; 4% risk of failure)
Confirm with . or Enter, or press ? or * to list all spells.
Aiming: Sandblast (safe; 4% risk of failure)
Press: ? - help, Shift-Dir - straight line, f/p - orc priest
Aim: an orc priest, wielding a +0 club and wearing a +0 ring mail (lightly wounded, 82% to hit)
The blast of sand hits the orc priest.
The orc priest is lightly wounded.
The orc priest misses you. The orc hits you but does no damage.
The orc misses you.
You hit the orc priest but do no damage.
The orc priest is lightly wounded.
The orc priest hits you with a +0 club. The orc closely misses you.
The orc hits you from afar with a +0 trident.
You barely miss the orc priest.
The orc priest is lightly wounded.
The orc priest hits you with a +0 club. The orc hits you with a +0 morningstar!
The orc hits you from afar with a +0 trident.
* * * LOW HITPOINT WARNING * * *
Your body deteriorates!
You feel dopey.
The orc priest calls down the wrath of Beogh upon you.
Beogh smites you!
You die...

..... #######. #.....#
##.....# #......#
#..[..o# . #...oo)# ..
#..#..# ... ###..@##
.... #...#############
.....###.##....(........
.........##.##.#####....
#######..†..##.# #
.....##..#####.. #
####....## ##.# #
#.#####.# .# #
##.#####.# .#


You could see an orc priest and 2 orcs.

Vanquished Creatures
  A jelly (D:2)
  A worm (D:2)
  2 dart slugs
  An orc (D:3)
  An endoplasm (D:1)
  2 giant cockroaches
  6 goblins
  2 hobgoblins
  A quokka (D:3)
  2 ball pythons
  2 bats (D:1)
  2 frilled lizards
  8 kobolds
  9 rats
40 creatures vanquished.

Notes
Turn   | Place    | Note
-------+----------+-------------------------------------------
     0 | D:1      | Ekaitz the Vampire Earth Elementalist began the quest for
                  | the Orb.
     0 | D:1      | Reached XP level 1. HP: 13/13 MP: 3/3
   402 | D:1      | Reached XP level 2. HP: 20/20 MP: 5/5
   405 | D:1      | Learned a level 2 spell: Passwall
   967 | D:2      | Found a faded altar of an unknown god.
   979 | D:2      | Became a worshipper of Jiyva Jucypn the Shapeless
   979 | D:2      | Reached * piety under Jiyva
   980 | D:2      | Fell from the grace of Jiyva
  1388 | D:2      | Gained mutation: Your magical capacity is low. (-10% MP)
                  | [mutagenic glow]
  1406 | D:2      | Gained mutation: You tend to lose your temper in combat.
                  | [mutagenic glow]
  1625 | D:2      | Gained mutation: You are afflicted with vampirism and can
                  | become a bat while bloodless. [Vampire growth]
  1625 | D:2      | Reached XP level 3. HP: 25/25 MP: 5/5
  1667 | D:2      | Learned a level 3 spell: Stone Arrow
  1755 | D:2      | Gained mutation: You are weak. (Str -2) [mutagenic glow]
  1763 | D:2      | Gained mutation: Your body sometimes deteriorates upon
                  | taking damage. [mutagenic glow]
  2034 | D:3      | Found a blossoming altar of Fedhas.
  2177 | D:3      | Killed from afar by an orc priest

Illustrated notes

Levels and vault maps discovered:
D:1:      onia_arrival_pentagram, layout_basic
D:2:      layout_basic, hellmonk_ecumenical_altar_heavens_door,
          serial_bayou_pond_a, kennysheep_another_room, due_unseen_surprise
D:3:      layout_loops_ring, jmf_multi_god_temple, lemuel_round_altar,
          serial_co_window_serial, co_window_paths_a, co_window_corner_a,
          co_window_paths_b, co_window_paths_b, co_window_of_opportunity_a,
          co_window_corner_b, co_window_2corner, co_window_broadway_b,
          co_window_corner_cb, co_window_cross_3

Action                   || total
-------------------------++-------
Melee: Dagger            ||    66
       Bite              ||     3
 Cast: Sandblast         ||    17
       Passwall          ||    12
Invok: Renounce Religion ||     1
  Use: Potion            ||     2
 Stab: Sleeping          ||    10
Armor: Robe              ||    20
Dodge: Dodged            ||    28
